 Dungeon Crawl Stone Soup version 0.26-b1-32-g5d43845318 (webtiles) character file.

Game seed: 17637597449550504879

904 MisterFreud the Sneak (level 8, -6/46 HPs)
             Began as an Octopode Earth Elementalist on Jan 12, 2021.
             Killed by divine providence
             ... invoked by an orc priest
              (13 damage)
             ... on level 6 of the Dungeon.
             The game lasted 00:08:36 (6177 turns).

MisterFreud the Sneak (Octopode Earth Elementalist) Turns: 6177, Time: 00:08:37

Health: -6/46      AC:  5    Str:  7    XL:     8   Next: 8%
Magic:  10/11      EV: 13    Int: 19    God:
Gold:   308        SH:  0    Dex: 13    Spells: 10/11 levels left

rFire    x . .     SeeInvis .   g - +1 short sword (venom)
rCold    + . .     Faith    .   (no shield)
rNeg     . . .     Spirit   .   (helmet restricted)
rPois    .         Reflect  .   (no amulet)
rElec    .         Harm     .   j - ring of ice
rCorr    .         Rampage  .   r - +4 ring of protection
Will     .....                  (no ring)
Stlth    ++++......             (no ring)
HPRegen  0.15/turn              (no ring)
MPRegen  0.12/turn              (no ring)
                                (no ring)
                                (no ring)

@: no status effects
A: almost no armour, stealthy swim, amphibious, 8 rings, constrict 8, camouflage
1, gelatinous body 1
a: no special abilities


You were on level 6 of the Dungeon.
You visited 1 branch of the dungeon, and saw 6 of its levels.

You collected 308 gold pieces.

Inventory:

Hand Weapons
 a - a +0 mace
 g - a +1 short sword of venom (weapon)
 w - a +0 war axe of flaming
Missiles
 b - 115 stones (quivered)
Jewellery
 j - a ring of ice (left tentacle)
 r - a +4 ring of protection (right tentacle)
Wands
 h - a wand of acid (10)
 s - a wand of enslavement (7)
Scrolls
 c - a scroll of remove curse
 l - 2 scrolls of amnesia {unknown}
 n - a scroll of enchant weapon {unknown}
 t - 2 scrolls of noise {unknown}
 u - a scroll of magic mapping {unknown}
 v - a scroll of enchant armour
 x - 2 scrolls of teleportation
Potions
 d - a potion of curing
 e - 2 potions of brilliance
 f - a potion of invisibility {unknown}
 i - 2 potions of degeneration
 k - a potion of flight {unknown}
 m - a potion of haste {unknown}
 o - a potion of might {unknown}
 p - 2 potions of berserk rage
 q - 2 potions of lignification {unknown}
 z - a potion of resistance {unknown}


   Skills:
 - Level 6.0 Short Blades
 - Level 2.0 Dodging
 - Level 6.0 Stealth
 - Level 2.0 Spellcasting
 - Level 1.0 Transmutations
 + Level 6.0 Earth Magic


You had 10 spell levels left.
You knew the following spells:

 Your Spells              Type           Power        Failure   Level
a - Sandblast             Erth           48%          1%          1

Your spell library contained the following spells:

 Spells                   Type           Power        Failure   Level
 Passwall                 Tmut/Erth      12%          6%          2
 Stone Arrow              Conj/Erth      26%          14%         3
 Foxfire                  Conj/Fire      4%           17%         1
 Pain                     Necr           4%           17%         1
 Petrify                  Tmut/Erth      15%          36%         4
 Lee's Rapid Deconstruct  Erth           12%          36%         5


Dungeon Overview and Level Annotations

Branches:
Dungeon (6/15)
 Temple: D:4-7

Altars:
Sif Muna
Trog
Zin
The Shining One

Shops:
D:4 ?

Annotations:
D:2 Sigmund


Innate Abilities, Weirdness & Mutations

You cannot wear most types of armour.
You are very stealthy in the water. (Stealth+)
You are amphibious.
You can wear up to eight rings at the same time.
You can use your tentacles to constrict eight enemies at once.
Your skin changes colour to match your surroundings (Stealth+).
Your rubbery body absorbs attacks. (AC +1, EV +1)


Message History

Press: ? - help, Shift-Dir - straight line, f/p - jelly
Aim: a jelly (severely wounded, 0% to evade)
The blast of sand hits the jelly!!
You kill the jelly!
b - 115 stones The orc priest invokes the aid of Beogh against you.
Beogh smites you!
* * * LOW HITPOINT WARNING * * *
Your Earth Magic skill increases to level 6!
Things that are here:
a +0 shortbow; 26 arrows; a centaur skeleton You feel better.
The orc priest calls down the wrath of Beogh upon you.
Pain shoots through your body!
* * * LOW HITPOINT WARNING * * *
There is a stone staircase leading up here.
You are no longer corroded.
The orc priest mumbles some strange prayers to Beogh against you.
Beogh smites you!
You die...

#.# #.# ## ... ... ##
... ..##.# #.# #.#..+
#.# #....# #.# #...##
#@####..#.##
#....o.....#
######o.###.. #..#
###########..# ##
........)...)####.♣♣♣♣#
############o##.♣♣._.♣.
#...........
###........[


You could see 2 orc priests.

Vanquished Creatures
  An orc warrior (D:4)
  A black bear (D:6)
  A centaur (D:6)
  Blork the orc (D:4)
  A jelly (D:6)
  A howler monkey (D:4)
  2 hounds (D:4)
  2 bullfrog skeletons
  2 iguanas
  Ijyb (D:4)
  2 worker ants
  2 orc wizards
  11 adders
  An ufetubus (D:4)
  4 worms
  3 dart slugs
  A leopard gecko (D:4)
  13 orcs
  6 giant cockroaches
  5 goblins
  5 hobgoblins
  8 jackals
  A quokka (D:4)
  2 ball pythons
  A ball python skeleton (D:4)
  6 bats
  4 frilled lizards
  5 kobolds
  6 rats
99 creatures vanquished.

Notes
Turn   | Place    | Note
-------+----------+-------------------------------------------
     0 | D:1      | MisterFreud the Octopode Earth Elementalist began the quest
                  | for the Orb.
     0 | D:1      | Reached XP level 1. HP: 11/11 MP: 3/3
   221 | D:1      | Reached XP level 2. HP: 7/17 MP: 3/5
   937 | D:2      | Reached XP level 3. HP: 10/21 MP: 4/6
  1658 | D:2      | Noticed Sigmund
  1962 | D:2      | Reached XP level 4. HP: 27/27 MP: 5/7
  1967 | D:2      | Reached skill level 5 in Earth Magic
  2187 | D:3      | Reached skill level 1 in Short Blades
  2544 | D:3      | Reached XP level 5. HP: 31/31 MP: 8/8
  2604 | D:3      | Found a glowing golden altar of the Shining One.
  3534 | D:4      | Noticed Ijyb
  3548 | D:4      | Killed Ijyb
  3615 | D:4      | Reached skill level 5 in Stealth
  3615 | D:4      | Reached XP level 6. HP: 27/36 MP: 9/9
  3699 | D:4      | Noticed Blork the orc
  3702 | D:4      | Noticed an orc warrior
  3703 | D:4      | Found a bloodstained altar of Trog.
  4599 | D:4      | Killed an orc warrior
  4600 | D:4      | Reached XP level 7. HP: 20/41 MP: 3/10
  4808 | D:4      | Found a shimmering blue altar of Sif Muna.
  4822 | D:4      | Identified Sif Muna's Reference Book on Stolen Souls and
                  | Ignition
  4869 | D:4      | Found Ybyk's Magic Scroll Shop.
  5050 | D:4      | Killed Blork the orc
  5051 | D:4      | Reached skill level 5 in Short Blades
  5290 | D:5      | Entered Level 5 of the Dungeon
  6063 | D:6      | Found a glowing silver altar of Zin.
  6108 | D:6      | Reached XP level 8. HP: 34/46 MP: 11/11
  6177 | D:6      | Killed from afar by an orc priest

Illustrated notes

Levels and vault maps discovered:
D:1:      wander_arrival_fairy_ring, layout_basic
D:2:      layout_loops_ring, solitary_fountain, uniq_sigmund
D:3:      layout_loops_ring, nicolae_tso_carved_into_rock,
          lightli_sewer_entry_pipes, guppyfry_early_lair_pool
D:4:      layout_loops_ring, nzn_overflow_gifts_of_might_and_magic,
          serial_shops, nicolae_shop_crystal, nzn_random_ring,
          uniq_blork_the_orc, uniq_ijyb
D:5:      layout_layer_cave, uniq_menkaure
D:6:      black_bear_nest_1, layout_loops_ring, kennysheep_little_box,
          zin_academy, grunt_temple_overflow_open

Skill      XL: |  1  2  3  4  5  6  7  8 |
---------------+-------------------------+-----
Earth Magic    | 4 5 6 |  6.0
Stealth        | 3 5 6 |  6.0
Short Blades   | 1 2 4 6 |  6.0
Dodging        | |  2.0
Spellcasting   | |  2.0
Transmutations | |  1.0

Action                   |  1- 3 |  4- 6 |  7- 9 || total
-------------------------+-------+-------+-------++-------
Melee: Mace              |    39 |       |       ||    39
       Constrict         |    18 |    33 |     6 ||    57
       Unarmed           |     5 |       |       ||     5
       Tentacles         |     7 |    18 |    11 ||    36
       Short sword       |    22 |   128 |    80 ||   230
 Cast: Sandblast         |     6 |    13 |    10 ||    29
  Use: Scroll            |     3 |     3 |     2 ||     8
       Potion            |       |     1 |     1 ||     2
 Stab: Sleeping          |     9 |     9 |     3 ||    21
Armor: Skin              |     9 |    12 |    11 ||    32
Dodge: Dodged            |    47 |    80 |    38 ||   165
